 Dungeon Crawl Stone Soup version 0.20.1-1-g8b1a95d (webtiles) character file.

76 MJtheKandyman the Shooter (level 4, 0/54 HPs)
             Began as a Centaur Hunter on Dec 25, 2017.
             Slain by an adder (2 damage)
             ... on level 2 of the Dungeon.
             The game lasted 00:16:47 (2474 turns).

MJtheKandyman the Shooter (Centaur Hunter)          Turns: 2474, Time: 00:16:48

Health: 0/54       AC: 22    Str: 20    XL:     4   Next: 12%
Magic:  4/4        EV:  1    Int: 10    God:
Gold:   27         SH:  0    Dex: 10    Spells: 3/3 levels left

rFire    . . .     SeeInvis .   b - +0 short sword
rCold    . . .     Gourm    .   (no shield)
rNeg     + + +     Faith    .   (armour currently unavailable)
rPois    +         Spirit   .   (helmet currently unavailable)
rElec    .         Reflect  .   (cloak currently unavailable)
rCorr    .         Harm     .   (gloves currently unavailable)
MR       .....     NoTele   +   (no barding)
Stlth    +.........             (no amulet)
Regen    0.2/turn               (no ring)
MPRegen  0.1/turn               (no ring)

@: mighty, lethally poisoned (0 -> -2), tree-form
A: no striking features
a: no special abilities


You were on level 2 of the Dungeon.
You were not hungry.
You were a tree.
You visited 1 branch of the dungeon, and saw 2 of its levels.

You collected 27 gold pieces.

Inventory:

Hand Weapons
 a - a +1 shortbow
 b - a +0 short sword (weapon)
 e - a +0 dagger
 g - a +0 dagger
 k - a +0 short sword
Missiles
 d - 24 arrows
 i - 30 bolts
 n - 22 stones (quivered)
Armour
 c - a +0 leather armour (melded)
 u - a +0 leather armour
 w - a +0 ring mail
Jewellery
 j - an uncursed ring of positive energy {unknown}
Scrolls
 h - a scroll of noise {unknown}
 m - 2 scrolls of identify {unknown}
 o - a scroll of teleportation {unknown}
 p - a scroll of remove curse {unknown}
 q - a scroll of fog {unknown}
 r - a scroll of immolation {unknown}
 s - a scroll of magic mapping {unknown}
Potions
 l - a potion of might
Comestibles
 f - 2 bread rations


   Skills:
 - Level 2.0 Fighting
 + Level 7.5 Bows
 - Level 1.3 Dodging
 - Level 0.4 Stealth


You had 3 spell levels left.
You didn't know any spells.

Dungeon Overview and Level Annotations

Branches:
Dungeon (2/15)

Altars:
Dithmenos


Innate Abilities, Weirdness & Mutations

((You have hooves in place of feet.))
((Armour fits poorly on your strangely shaped body.))
((You cover ground very quickly.))
((You have extremely tough skin. (AC +3)))


Message History

It was a potion of lignification.
You turn into a tree.
Your +0 leather armour melds into your body.
Your roots penetrate the ground.
The adder bites you but does no damage.
Really attack while wielding your +1 shortbow? [Y]es or [N]o only, please.
Really attack while wielding your +1 shortbow?
Okay, then.
Wield which item (- for none, * to show all)? (? for menu, Esc to quit)
b - a +0 short sword (weapon)
The adder bites you but does no damage.
You miss the adder.
* * * LOW HITPOINT WARNING * * *
You feel sick. The adder bites you but does no damage.
You completely miss the adder. The adder bites you but does no damage.
The adder barely misses you.
You puncture the adder!
The adder is severely wounded.
* * * LOW HITPOINT WARNING * * *
You feel sick. The adder bites you.
You die...

.#. #.# #.# .
..####.# #.# ..
......### #.# #.
#^....# ##.#
#..##.#.#.##.##.#
.............##.#
####.....#####.#
#.#####.....#####)#
#...........SS♣...#
#
#######.#.#.#######
# #.....# #
########.### #
#(...S...# #
#.######## # #.# #
#S# ####.#


You could see 2 adders.

Vanquished Creatures
  An iguana (D:1)
  An adder (D:1)
  A dart slug (D:1)
  3 leopard geckos
  5 bats (D:2)
  2 giant cockroaches (D:1)
  A goblin (D:1)
  3 hobgoblins
  6 kobolds
  A quokka (D:2)
  3 frilled lizards
  8 rats
35 creatures vanquished.

Notes
Turn   | Place    | Note
-------+----------+-------------------------------------------
     0 | D:1      | MJtheKandyman the Centaur Hunter began the quest for the Orb.
     0 | D:1      | Reached XP level 1. HP: 17/17 MP: 1/1
     3 | D:1      | Noticed an electric eel
   417 | D:1      | Reached XP level 2. HP: 20/24 MP: 2/2
   701 | D:1      | Reached skill level 6 in Bows
   957 | D:1      | Reached skill level 7 in Bows
   957 | D:1      | Reached XP level 3. HP: 8/29 MP: 3/3
  1788 | D:2      | Found a shadowy altar of Dithmenos.
  2143 | D:2      | Reached XP level 4. HP: 36/36 MP: 4/4
  2474 | D:2      | HP: 2/54 [poisoned by an adder]
  2474 | D:2      | Slain by an adder

Skill      XL: |  1  2 |
---------------+-------+-----
Bows           | 7 |  7.5
Fighting       | |  2.0
Dodging        | |  1.3
Stealth        | |  0.4

Action                   |  1- 3 |  4- 6 || total
-------------------------+-------+-------++-------
Melee: Short sword       |    71 |    21 ||    92
       Kick              |    10 |     3 ||    13
 Fire: Shortbow          |    34 |    13 ||    47
  Use: Potion            |       |     2 ||     2
  Eat: Chunk             |     2 |     1 ||     3
Armor: Leather armour    |    32 |     5 ||    37
       Skin              |       |     4 ||     4
Dodge: Dodged            |    30 |    15 ||    45
